 Dungeon Crawl Stone Soup version 0.21-a0-529-g8c7b3f5 (webtiles) character file.

11618 teukkam the Fighter (level 11, -5/87 HPs)
             Began as a Gnoll Wanderer on Dec 11, 2017.
             Was a Priest of Ru.
             Slain by a nine-headed hydra (12 damage)
             ... on level 2 of the Lair of Beasts.
             The game lasted 01:06:33 (13876 turns).

teukkam the Fighter (Gnoll Wanderer)               Turns: 13876, Time: 01:06:34

Health: -5/87      AC: 10    Str: 16    XL:     11   Next: 80%
Magic:  17/17      EV: 19    Int: 16    God:    Ru [***...]
Gold:   451        SH:  0    Dex: 17    Spells: 21/21 levels left

rFire    . . .     SeeInvis .   a - +9 great sword of Moderation {slice, Stlth+}
rCold    . . .     Gourm    .   (shield currently unavailable)
rNeg     . . .     Faith    +   r - +2 robe {MR+}
rPois    .         Spirit   .   (no helmet)
rElec    .         Reflect  .   (no cloak)
rCorr    .         Harm     .   w - +2 pair of gloves
MR       +....                  h - +1 pair of boots
Stlth    ++++......             p - amulet of faith
HPRegen  0.24/turn              l - +2 ring of evasion
MPRegen  0.15/turn              F - +3 ring of slaying

@: no status effects
A: distributed training, fangs 1, blink, blurry vision 1, low mp 1, strong 1, no
air magic, no conjurations magic, no necromancy magic, unskilled 1, strong nose
a: Blink, Draw Out Power, Renounce Religion


You were on level 2 of the Lair of Beasts.
You worshipped Ru.
Ru was most pleased with you.
You were not hungry.

You visited 3 branches of the dungeon, and saw 14 of its levels.
You also visited: Sewer and Ossuary.

You collected 750 gold pieces.
You spent 299 gold pieces at shops.

Inventory:

Hand Weapons
 a - the +9 great sword of Moderation (weapon) {slice, Stlth+}
   (You bought it in a shop on level 4 of the Dungeon)

   It inflicts extra damage upon your enemies.
   It makes you more stealthy.
 b - a +0 blowgun
 k - a +2 dagger of venom
 m - a +3 war axe
 u - a +0 shortbow
 A - a +4 rapier
 S - a +0 hand crossbow
Missiles
 t - 125 arrows
 v - 8 tomahawks (quivered)
 x - 8 needles of confusion
 B - 10 curare-tipped needles
 E - a bolt
 N - 312 stones
 Q - 37 poisoned needles
Armour
 h - a +1 pair of boots (worn)
 r - a +2 robe of magic resistance (worn)
 w - a +2 pair of gloves (worn)
Jewellery
 l - a +2 ring of evasion (left hand)
 p - an amulet of faith (around neck)
 C - an uncursed ring of ice
 D - a cursed -2 ring of evasion
 F - a +3 ring of slaying (right hand)
 J - an uncursed amulet of the gourmand {unknown}
 L - an uncursed ring of resist corrosion
 Z - a +5 amulet of reflection {unknown}
Wands
 c - a wand of random effects (23)
 i - a wand of flame (27)
 y - a wand of polymorph (16)
Scrolls
 e - 15 scrolls of identify
 g - 3 scrolls of immolation
 j - 5 scrolls of teleportation
 o - 6 scrolls of remove curse
 q - 2 scrolls of enchant weapon
 G - 2 scrolls of fear
 H - a scroll of blinking
 X - a scroll of enchant armour {unknown}
Potions
 n - 2 potions of agility
 s - 2 potions of lignification
 z - 2 potions of curing
 I - 2 potions of invisibility
 K - 2 potions of flight
 O - a potion of brilliance
 P - 2 potions of magic {unknown}
 T - 2 potions of haste {unknown}
 U - 2 potions of cancellation {unknown}
 Y - 2 potions of ambrosia {unknown}
Books
 M - a book of Cantrips

   Spells                             Type                      Level
   a - Confusing Touch                Hexes                        1
   b - Animate Skeleton               Necromancy                   1
   c - Summon Small Mammal            Summoning                    1
   d - Apportation                    Translocation                1
Miscellaneous
 W - a phial of floods
Comestibles
 d - 3 royal jellies
 f - 5 bread rations
 V - 4 meat rations


   Skills:
 + Level 8.5 Fighting
 + Level 7.3 Short Blades
 + Level 5.9 Long Blades
 + Level 5.9 Axes
 + Level 5.9 Maces & Flails
 + Level 6.4 Polearms
 + Level 5.9 Staves
 + Level 5.9 Slings
 + Level 5.9 Bows
 + Level 5.9 Crossbows
 + Level 5.9 Throwing
 + Level 5.9 Armour
 + Level 7.3 Dodging
 + Level 6.3 Stealth
 + Level 6.4 Shields
 + Level 5.9 Unarmed Combat
 + Level 5.9 Spellcasting
   Level 0.0 Conjurations
 + Level 4.9 Hexes
 + Level 4.9 Charms
 + Level 4.9 Summonings
   Level 0.0 Necromancy
 + Level 4.9 Translocations
 + Level 4.9 Transmutations
 + Level 4.9 Fire Magic
 + Level 4.9 Ice Magic
   Level 0.0 Air Magic
 + Level 4.9 Earth Magic
 + Level 4.9 Poison Magic
 + Level 6.5 Invocations
 + Level 5.9 Evocations


You had 21 spell levels left.
You didn't know any spells.

Dungeon Overview and Level Annotations

Branches:
Dungeon (11/15)            Temple (1/1) D:6            Lair (2/6) D:11
 Shoals (0/4) Lair:2          Orc (0/2) D:11
  Snake: Lair:2-4    Spider: Lair:2-4

Altars:
Dithmenos
Elyvilon
Fedhas
Gozag
Kikubaaqudgha
Nemelex Xobeh
Okawaru
Qazlal
Ru
Uskayaw
Xom
Beogh

Shops:
D:4 *   D:7 %   D:10 (


Innate Abilities, Weirdness & Mutations

Your experience applies equally to all skills.
You have very sharp teeth.
You cannot study or cast Air magic.
You cannot study or cast Conjurations magic.
You cannot study or cast Necromancy magic.
You are somewhat unskilled. (-1 Apt)
Your uncanny sense of smell can sniff out nearby items.
You can translocate small distances at will.
Scrolls take you a little longer to read.
Your magical capacity is low. (-10% MP)
Your muscles are strong. (Str +2)


Message History

The eight-headed hydra misses you.
The eight-headed hydra bites you but does no damage. x2
The eight-headed hydra closely misses you. x2
The eight-headed hydra bites you!
You chop one of the eight-headed hydra's heads off!
The seven-headed hydra grows two more!
You slash the nine-headed hydra!
The nine-headed hydra is moderately wounded.
The nine-headed hydra bites you!
* * * LOW HITPOINT WARNING * * *
You focus your will and illuminate the nine-headed hydra in retribution!
The nine-headed hydra misses you.
The nine-headed hydra closely misses you.
The nine-headed hydra barely misses you.
The nine-headed hydra closely misses you.
The nine-headed hydra misses you. The nine-headed hydra bites you!
* * * LOW HITPOINT WARNING * * *
The nine-headed hydra bites you!
* * * LOW HITPOINT WARNING * * *
The nine-headed hydra bites you!
You die...

##..# #.≈. ≈
#..## ...≈ .
##.## ...≈≈
#..# ≈≈# ##..#
#P.## ##.# #..#
#@#......
........D#.....
........#(.....
.........(.....
......... (....
.......#...(...
....... ## ...#
.....?. ##..


You could see a nine-headed hydra.

Vanquished Creatures
  2 two-headed ogres
  A death yak (D:9)
  2 manticores (D:11)
  The ghost of teukkam the Fighter, a novice GnWn (D:5)
  A guardian serpent (D:9)
  Prince Ribbit (D:6)
  2 hippogriffs
  Sigmund (D:3)
  A wraith (D:11)
  7 yaks
  Duvessa (D:5)
  4 orc warriors
  4 ice beasts
  3 sky beasts (D:8)
  A phantom (D:8)
  9 ogres
  2 wolves (D:9)
  4 centaurs
  2 big kobolds
  2 elf zombies (Ossuary)
  7 bullfrogs
  Dowan (D:5)
  9 killer bees
  5 scorpions
  9 wights (D:6)
  4 electric eels (D:9)
  A howler monkey (D:10)
  7 crimson imps
  A quasit (D:9)
  5 hounds
  A jelly (D:11)
  4 human zombies (Ossuary)
  6 orc priests
  6 centaur zombies (Ossuary)
  6 orc wizards
  4 bullfrog skeletons
  Jessica (D:2)
  A centaur skeleton (D:4)
  Ijyb (D:3)
  3 iguanas
  6 worker ants
  2 killer bee zombies
  A hound zombie (D:7)
  A hound skeleton (D:5)
  4 mummies
  2 worker ant zombies (D:5)
  12 adders
  4 shadow imps
  A white imp (D:9)
  2 ufetubi (D:9)
  10 oozes (Sewer)
  An adder zombie (D:8)
  An adder skeleton (D:4)
  2 worms
  3 dart slugs
  11 leopard geckos
  47 orcs
  11 giant cockroaches
  6 goblins
  3 hobgoblins
  3 jackals (D:9)
  9 kobolds
  5 quokkas
  7 ball pythons
  10 bats
  13 frilled lizards
  A jackal zombie (D:9)
  A leopard gecko skeleton (D:4)
  A quokka zombie (D:7)
  3 rats (D:3)
316 creatures vanquished.

Vanquished Creatures (others)
  An orc warrior (D:11)
  An ogre (D:9)
  A centaur (D:9)
  A worm (D:6)
  A fungus (Lair:2)
5 creatures vanquished.

Grand Total: 321 creatures vanquished

Notes
Turn   | Place    | Note
-------+----------+-------------------------------------------
     0 | D:1      | teukkam the Gnoll Wanderer began the quest for the Orb.
     0 | D:1      | teukkam set off with: a +2 short sword, a potion of lignification, a +0 buckler, a +0 robe, a bread ration
     0 | D:1      | Reached XP level 1. HP: 23/23 MP: 1/1
   219 | D:1      | Reached XP level 2. HP: 14/29 MP: 2/2
   562 | D:2      | Found a stormy altar of Qazlal.
   794 | D:1      | Reached XP level 3. HP: 35/35 MP: 3/3
   996 | D:2      | Found a sparkling altar of Nemelex Xobeh.
  1000 | D:2      | Found a blossoming altar of Fedhas.
  1151 | D:2      | Reached skill level 1 in Invocations
  1177 | D:2      | Noticed Jessica
  1180 | D:2      | Killed Jessica
  1180 | D:2      | Reached skill level 1 in Long Blades
  1180 | D:2      | Reached skill level 1 in Axes
  1180 | D:2      | Reached skill level 1 in Maces & Flails
  1180 | D:2      | Reached skill level 1 in Staves
  1180 | D:2      | Reached skill level 1 in Slings
  1180 | D:2      | Reached skill level 1 in Bows
  1180 | D:2      | Reached skill level 1 in Crossbows
  1180 | D:2      | Reached skill level 1 in Throwing
  1180 | D:2      | Reached skill level 1 in Armour
  1180 | D:2      | Reached skill level 1 in Unarmed Combat
  1180 | D:2      | Reached skill level 1 in Spellcasting
  1180 | D:2      | Reached skill level 1 in Evocations
  1180 | D:2      | Reached XP level 4. HP: 41/41 MP: 5/5
  1737 | D:3      | Reached skill level 1 in Conjurations
  1737 | D:3      | Reached skill level 1 in Hexes
  1737 | D:3      | Reached skill level 1 in Charms
  1737 | D:3      | Reached skill level 1 in Summonings
  1737 | D:3      | Reached skill level 1 in Necromancy
  1737 | D:3      | Reached skill level 1 in Translocations
  1737 | D:3      | Reached skill level 1 in Transmutations
  1737 | D:3      | Reached skill level 1 in Fire Magic
  1737 | D:3      | Reached skill level 1 in Ice Magic
  1737 | D:3      | Reached skill level 1 in Air Magic
  1737 | D:3      | Reached skill level 1 in Earth Magic
  1737 | D:3      | Reached skill level 1 in Poison Magic
  1744 | D:3      | Found a glowing drain.
  1748 | Sewer    | Entered a sewer
  1819 | Sewer    | Reached XP level 5. HP: 47/47 MP: 6/6
  2223 | Sewer    | Reached XP level 6. HP: 32/53 MP: 8/8
  2226 | Sewer    | Reached skill level 5 in Short Blades
  2226 | Sewer    | Reached skill level 5 in Dodging
  2573 | D:3      | Found an iron altar of Okawaru.
  2575 | D:3      | Noticed Sigmund
  2609 | D:3      | Killed Sigmund
  2609 | D:3      | Reached XP level 7. HP: 39/59 MP: 10/10
  2615 | D:3      | Noticed Ijyb
  2740 | D:3      | Killed Ijyb
  2740 | D:3      | Reached skill level 7 in Fighting
  3546 | D:4      | Found Kowolene's Assorted Antiques.
  3742 | D:5      | Entered Level 5 of the Dungeon
  3865 | D:5      | Noticed teukkam's ghost (novice GnWn)
  3919 | D:5      | Reached XP level 8. HP: 37/67 MP: 12/12
  4068 | D:5      | Noticed Dowan
  4074 | D:5      | Noticed Duvessa
  4280 | D:6      | Found a sand-covered staircase.
  4298 | Ossuary  | Entered an ossuary
  4729 | D:6      | Reached XP level 9. HP: 72/72 MP: 14/14
  5415 | D:6      | Reached skill level 5 in Polearms
  5415 | D:6      | Reached skill level 5 in Shields
  5519 | D:6      | Noticed Prince Ribbit
  5530 | D:6      | Killed Prince Ribbit
  5610 | D:6      | HP: 3/74 [orc priest/divine providence (15)]
  5612 | D:6      | Found a staircase to the Ecumenical Temple.
  5617 | Temple   | Entered the Ecumenical Temple
  5938 | Temple   | Became a worshipper of Ru the Awakened
  6006 | D:6      | Reached skill level 5 in Stealth
  6110 | D:6      | Reached skill level 8 in Fighting
  6577 | D:7      | Found Senla's Food Boutique.
  6737 | D:7      | Reached skill level 5 in Invocations
  7246 | D:5      | Killed teukkam's ghost
  7246 | D:5      | Reached XP level 10. HP: 41/80 MP: 15/17
  7281 | D:5      | Killed Dowan
  7298 | D:5      | Killed Duvessa
  7825 | D:8      | Noticed a two-headed ogre
  7895 | D:8      | Gained mutation: You cannot study or cast Air magic. [Ru sacrifice]
  7895 | D:8      | Gained mutation: You cannot study or cast Necromancy magic. [Ru sacrifice]
  7895 | D:8      | Gained mutation: You cannot study or cast Conjurations magic. [Ru sacrifice]
  7895 | D:8      | Reached * piety under Ru
  8249 | D:8      | Reached skill level 5 in Long Blades
  8249 | D:8      | Reached skill level 5 in Axes
  8249 | D:8      | Reached skill level 5 in Maces & Flails
  8249 | D:8      | Reached skill level 5 in Staves
  8249 | D:8      | Reached skill level 5 in Slings
  8249 | D:8      | Reached skill level 5 in Bows
  8249 | D:8      | Reached skill level 5 in Crossbows
  8249 | D:8      | Reached skill level 5 in Throwing
  8249 | D:8      | Reached skill level 5 in Armour
  8249 | D:8      | Reached skill level 5 in Unarmed Combat
  8249 | D:8      | Reached skill level 5 in Spellcasting
  8249 | D:8      | Reached skill level 5 in Evocations
  8252 | D:8      | Gained mutation: Your mind is acute. (Int +2) [mutagenic meat]
  8253 | D:8      | Gained mutation: You are somewhat resistant to further mutation. [mutagenic meat]
  8254 | D:8      | Gained mutation: Your spells are a little harder to cast, but a little more powerful. [mutagenic meat]
  8255 | D:8      | Gained mutation: Your body sometimes deteriorates upon taking damage. [mutagenic meat]
  8256 | D:8      | Gained mutation: You are somewhat resistant to both further mutation and mutation removal. [mutagenic meat]
  8257 | D:8      | Lost mutation: Your body sometimes deteriorates upon taking damage. [potion of mutation]
  8257 | D:8      | Gained mutation: You have a pair of small horns on your head. [potion of mutation]
  8258 | D:8      | Lost mutation: You have a pair of small horns on your head. [potion of mutation]
  8258 | D:8      | Lost mutation: You are somewhat resistant to both further mutation and mutation removal. [potion of mutation]
  8258 | D:8      | Lost mutation: Your mind is acute. (Int +2) [potion of mutation]
  8258 | D:8      | Lost mutation: Your spells are a little harder to cast, but a little more powerful. [potion of mutation]
  8258 | D:8      | Gained mutation: Your magical capacity is low. (-10% MP) [potion of mutation]
  8284 | D:8      | Killed a two-headed ogre
  8472 | D:8      | Noticed a two-headed ogre
  8632 | D:4      | Bought a warped great sword for 299 gold pieces
  8645 | D:4      | Identified the +9 great sword of Moderation {slice, Stlth+} (You bought it in a shop on level 4 of the Dungeon)
  8832 | D:7      | Killed a two-headed ogre
  9293 | D:8      | Found an opulent altar of Gozag.
  9831 | D:9      | Reached XP level 11. HP: 87/87 MP: 17/17
 10441 | D:9      | Noticed a death yak
 10525 | D:9      | Reached skill level 9 in Fighting
 10528 | D:9      | Gained mutation: Armour fits poorly on your strangely shaped body. [mutagenic meat]
 10758 | D:9      | Found a shimmering altar of Xom.
 10913 | D:9      | Killed a death yak
 10913 | D:9      | Reached skill level 5 in Hexes
 10913 | D:9      | Reached skill level 5 in Charms
 10913 | D:9      | Reached skill level 5 in Summonings
 10913 | D:9      | Reached skill level 5 in Translocations
 10913 | D:9      | Reached skill level 5 in Transmutations
 10913 | D:9      | Reached skill level 5 in Fire Magic
 10913 | D:9      | Reached skill level 5 in Ice Magic
 10913 | D:9      | Reached skill level 5 in Earth Magic
 10913 | D:9      | Reached skill level 5 in Poison Magic
 11052 | D:10     | Entered Level 10 of the Dungeon
 11717 | D:10     | Gained mutation: You are somewhat unskilled. (-1 Apt) [Ru sacrifice]
 11717 | D:10     | Reduced skill Fighting to level 8
 11717 | D:10     | Reduced skill Long Blades to level 5
 11717 | D:10     | Reduced skill Axes to level 5
 11717 | D:10     | Reduced skill Maces & Flails to level 5
 11717 | D:10     | Reduced skill Staves to level 5
 11717 | D:10     | Reduced skill Slings to level 5
 11717 | D:10     | Reduced skill Bows to level 5
 11717 | D:10     | Reduced skill Crossbows to level 5
 11717 | D:10     | Reduced skill Throwing to level 5
 11717 | D:10     | Reduced skill Armour to level 5
 11717 | D:10     | Reduced skill Unarmed Combat to level 5
 11717 | D:10     | Reduced skill Spellcasting to level 5
 11717 | D:10     | Reduced skill Evocations to level 5
 11717 | D:10     | Reached ** piety under Ru
 11717 | D:10     | Reached *** piety under Ru
 11980 | D:10     | Found Doqasheh's Weapon Shoppe.
 12498 | D:11     | Found a staircase to the Lair.
 12498 | D:11     | Noticed a manticore
 12510 | D:11     | Killed a manticore
 13145 | D:11     | Noticed a manticore
 13158 | D:11     | Killed a manticore
 13375 | D:11     | Lost mutation: You are somewhat resistant to further mutation. [potion of mutation]
 13375 | D:11     | Lost mutation: Armour fits poorly on your strangely shaped body. [potion of mutation]
 13375 | D:11     | Gained mutation: Scrolls take you a little longer to read. [potion of mutation]
 13375 | D:11     | Gained mutation: You can translocate small distances at will. [potion of mutation]
 13375 | D:11     | Gained mutation: Your muscles are strong. (Str +2) [potion of mutation]
 13531 | D:11     | Found a staircase to the Orcish Mines.
 13537 | D:11     | Found a roughly hewn altar of Beogh.
 13796 | Lair:1   | Entered Level 1 of the Lair of Beasts
 13835 | Lair:2   | Found a staircase to the Shoals.
 13863 | Lair:2   | Noticed a four-headed hydra
 13876 | Lair:2   | Slain by a nine-headed hydra

Vault maps used:
D:1:      dpeg_arrival_castle
D:2:      grunt_qazlal_clouds, chequers_temple_overflow_statue_of_worship,
          moated_statue, uniq_jessica
D:3:      gup_sewer_entry_bowl, okawaru_trees_1, uniq_ijyb, uniq_sigmund
D:4:      first_bread, serial_shops, shop
D:5:      uniq_duvessa
D:6:      minmay_temple_entry_glassed_door, gup_ossuary_entry_pyramid,
          uniq_prince_ribbit1
D:7:      serial_shops, shop, grunt_ogre_cave
D:8:      nicolae_gozag_cash_rules_everything_around_me
D:9:      tgw_xom, serial_ice, serial_ice_e, serial_ice_f, serial_ice_b,
          serial_ice_j, minmay_tree_intersection,
          nrook_guardian_serpent_ordinary
D:10:     serial_shops, shop, kennysheep_flooded_box
D:11:     lair_entry_dummy, minmay_orc_entry_temple_small, grunt_ministairs_8
Temple:   compressed_dpeg_circular_temple
Lair:1:   lemuel_fruit_tree
Lair:2:   elwin_shoals_entry_rocks
Sewer:    sewer_frog_island_02
Ossuary:  ossuary_minmay_four_chambers

Skill      XL: |  1  2  3  4  5  6  7  8  9 10 11 |
---------------+----------------------------------+-----
Invocations    | 1 2 3 4 5 6 |  6.5
Long Blades    | 1 2 3 4 5 5 |  5.9
Axes           | 1 2 3 4 5 5 |  5.9
Maces & Flails | 1 2 3 4 5 5 |  5.9
Staves         | 1 2 3 4 5 5 |  5.9
Slings         | 1 2 3 4 5 5 |  5.9
Bows           | 1 2 3 4 5 5 |  5.9
Crossbows      | 1 2 3 4 5 5 |  5.9
Throwing       | 1 2 3 4 5 5 |  5.9
Armour         | 1 2 3 4 5 5 |  5.9
Unarmed Combat | 1 2 3 4 5 5 |  5.9
Spellcasting   | 1 2 3 4 5 5 |  5.9
Evocations     | 1 2 3 4 5 5 |  5.9
Conjurations   | 1 2 3 0 |  0.0
Hexes          | 1 2 3 4 4 |  4.9
Charms         | 1 2 3 4 4 |  4.9
Summonings     | 1 2 3 4 4 |  4.9
Necromancy     | 1 2 3 0 |  0.0
Translocations | 1 2 3 4 4 |  4.9
Transmutations | 1 2 3 4 4 |  4.9
Fire Magic     | 1 2 3 4 4 |  4.9
Ice Magic      | 1 2 3 4 4 |  4.9
Air Magic      | 1 2 3 0 |  0.0
Earth Magic    | 1 2 3 4 4 |  4.9
Poison Magic   | 1 2 3 4 4 |  4.9
Polearms       | 3 4 5 6 |  6.4
Shields        | 3 4 5 6 |  6.4
Stealth        | 3 4 5 6 |  6.3
Short Blades   | 5 6 7 |  7.3
Dodging        | 5 6 7 |  7.3
Fighting       | 7 8 8 |  8.5

Action                   |  1- 3 |  4- 6 |  7- 9 | 10-12 || total
-------------------------+-------+-------+-------+-------++-------
Melee: Short sword       |    58 |   230 |   377 |       ||   665
       Bite              |     3 |    23 |    47 |    38 ||   111
       Dagger            |       |       |    10 |    62 ||    72
       War axe           |       |       |     7 |       ||     7
       Great sword       |       |       |       |   200 ||   200
       Rapier            |       |       |       |    46 ||    46
 Fire: Hand crossbow     |       |     7 |    26 |       ||    33
       Blowgun           |       |       |       |     5 ||     5
Throw: Tomahawk          |       |       |    62 |    13 ||    75
       Throwing net      |       |       |       |     1 ||     1
Invok: Sacrifice Arcana  |       |       |       |     1 ||     1
       Sacrifice Skill   |       |       |       |     1 ||     1
Evoke: Wand              |       |       |     2 |    16 ||    18
  Use: Scroll            |       |     7 |     2 |     9 ||    18
       Potion            |       |     5 |     1 |    10 ||    16
 Stab: Sleeping          |     9 |     4 |     7 |    14 ||    34
       Invisible         |       |       |       |     8 ||     8
       Distracted        |       |       |       |     2 ||     2
       Held in net/web   |       |       |       |     2 ||     2
  Eat: Chunk             |     1 |     4 |     3 |    15 ||    23
       Fruit             |       |       |     2 |     3 ||     5
       Royal jelly       |       |       |     2 |       ||     2
       Bread ration      |       |       |     1 |     1 ||     2
       Meat ration       |       |       |     1 |     1 ||     2
Armor: Robe              |     9 |    31 |    35 |    72 ||   147
Dodge: Dodged            |    35 |   151 |   223 |   283 ||   692
Block: Buckler           |    13 |    52 |    63 |     2 ||   130
       Shield            |       |       |       |    52 ||    52
       Rpst.: Great sword |       |       |       |    62 ||    62

Table legend:
 A = Spawn XP
 B = Non-spawn XP
 C = Spawn XP percentage of total XP
 D = Spawn monster count
 E = Non-spawn monster count
 F = Spawn count percentage of total count
 G = Total turns spent on level
                    A         B        C        D         E        F      G
               +---------+---------+-------+---------+---------+-------+---------
         Total |       0 |   16598 |   0.0 |       0 |     319 |   0.0 | 13876
               +---------+---------+-------+---------+---------+-------+---------
           D:1 |       0 |      34 |   0.0 |       0 |      17 |   0.0 |   825
           D:2 |       0 |      77 |   0.0 |       0 |      14 |   0.0 |   767
           D:3 |       0 |     298 |   0.0 |       0 |      20 |   0.0 |  1061
           D:4 |       0 |     267 |   0.0 |       0 |       9 |   0.0 |   664
           D:5 |       0 |    1047 |   0.0 |       0 |      14 |   0.0 |   860
           D:6 |       0 |    2024 |   0.0 |       0 |      33 |   0.0 |  1806
           D:7 |       0 |    1287 |   0.0 |       0 |      10 |   0.0 |  1234
           D:8 |       0 |    2446 |   0.0 |       0 |      26 |   0.0 |  1119
           D:9 |       0 |    3471 |   0.0 |       0 |      57 |   0.0 |  1515
          D:10 |       0 |    1694 |   0.0 |       0 |      26 |   0.0 |  1426
          D:11 |       0 |    2910 |   0.0 |       0 |      31 |   0.0 |  1318
         Sewer |       0 |     357 |   0.0 |       0 |      47 |   0.0 |   503
       Ossuary |       0 |     686 |   0.0 |       0 |      15 |   0.0 |   367
               +---------+---------+-------+---------+---------+-------+---------
